 Dungeon Crawl Stone Soup version 0.29-a0-360-g8ed1089bbe (webtiles) character file.

Game seed: 4997682601946303533

15933 spaghetti the Necromancer (level 12, 36/99 HPs)
             Began as a Deep Dwarf Necromancer on Apr 28, 2022.
             Was a Plaything of Xom.
             Quit the game on level 9 of the Dungeon.
             The game lasted 00:36:26 (11129 turns).

spaghetti the Necromancer (Deep Dwarf Necromancer) Turns: 11129, Time: 00:36:27

Health: 36/99      AC: 11    Str: 12    XL:     12   Next: 5%
Magic:  3/12       EV: 14    Int: 21    God:    Xom [....*.]
Gold:   174        SH:  0    Dex: 15    Spells: 3/21 levels left

rFire   . . .      SeeInvis .   E - +0 whip (elec) {mace}
rCold   . . .      Faith    .   (no shield)
rNeg    . . .      Spirit   .   w - +0 steam dragon scales
rPois   .          Reflect  .   o - +0 helmet
rElec   .          Harm     .   (no cloak)
rCorr   .          Rampage  .   (no gloves)
Will    +....                   (no boots)
Stlth   ++........              (no amulet)
HPRegen 0.00/turn               c - +6 ring of dexterity
MPRegen 0.13/turn               I - +4 ring of protection

@: mildly poisoned (36 -> 29)
A: damage resistance, heal wounds, sense surroundings 2, no regeneration, talons
1, clumsy 2, MP-powered wands
a: Heal Wounds, Renounce Religion


You were on level 9 of the Dungeon.
You worshipped Xom.
You were a beloved toy of Xom.
You visited 2 branches of the dungeon, and saw 11 of its levels.
You also visited: Bailey.

You collected 678 gold pieces.
You spent 504 gold pieces at shops.


Innate Abilities, Weirdness & Mutations

You are resistant to damage.
You can heal yourself by infusing magical energy.
You passively map the area around you.
You do not regenerate.
You have sharp toenails.
You are very clumsy. (Dex -4)
You expend magic power (3 MP) to strengthen your wands.


   Skills:
 + Level 4.2 Fighting
 + Level 5.1 Armour
 + Level 5.7 Dodging
 - Level 2.4 Stealth
 * Level 5.4 Spellcasting
 - Level 18.3 Necromancy
 + Level 5.8 Evocations


You had 3 spell levels left.
You knew the following spells:

 Your Spells              Type           Power      Damage    Failure   Level
a - Pain                  Necr           100%       1d9       0%          1
b - Vampiric Draining     Necr           70%        2d11      0%          3
c - Animate Dead          Necr           35%        N/A       1%          4
d - Agony                 Necr           70%        N/A       1%          5
e - Borgnjor's Vile Clut  Necr/Erth      22%        N/A       7%          5

Your spell library contained the following spells:

 Spells                   Type           Power      Damage    Failure   Level
 Animate Skeleton         Necr           100%       N/A       0%          1
 Corpse Rot               Necr/Air       88%        N/A       1%          2
 Poisonous Vapours        Pois/Air       10%        N/A       16%         2
 Dazzling Flash           Conj/Hex       10%        N/A       30%         3
 Alistair's Intoxication  Tmut/Pois      3%         N/A       96%         5
 Silence                  Hex/Air        2%         N/A       96%         5
 Eringya's Noxious Bog    Tmut/Pois      2%         N/A       100%        6

Inventory:

Hand Weapons
 b - a +0 short sword {short}
   (You took it off a kobold on level 1 of the Dungeon)
 e - a +0 hunting sling {sling}
   (You found it on level 1 of the Dungeon)
 f - a +2 dagger of venom {short}
   (You took it off an orc wizard on level 5 of the Dungeon)
 g - a +0 dagger {short}
   (You took it off a goblin on level 1 of the Dungeon)
 h - a +0 club {mace}
   (You took it off a goblin on level 1 of the Dungeon)
 k - a +4 dagger {short}
   (You took it off a kobold on level 1 of the Dungeon)
 z - a +2 vorpal flail {mace}
   (You took it off Edmund on level 4 of the Dungeon)
 E - a +0 whip of electrocution (weapon) {mace}
   (You took it off a kobold on level 6 of the Dungeon)
 F - a +0 dagger of freezing {short}
   (You took it off an orc on level 5 of the Dungeon)
 G - a +0 hunting sling of flaming {sling}
   (You found it on level 5 of the Dungeon)
Missiles
 d - 21 poisoned darts {throwing}
 i - 401 stones (quivered) {throwing}
 s - 5 curare-tipped darts {=fthrowing}
 L - 5 atropa-tipped darts {throwing}
 N - a boomerang {throwing}
Armour
 a - a +0 robe
 o - a +0 helmet (worn)
   (You found it on level 2 of the Dungeon)
 w - +0 steam dragon scales (worn)
   (You found it on level 7 of the Dungeon)
 O - a +1 hat
   (You took it off Gastronok on level 8 of the Dungeon)
 P - a +0 pair of boots
   (You found it on level 7 of the Dungeon)
Jewellery
 c - a +6 ring of dexterity (left hand)
   (You found it on level 4 of the Dungeon)
 y - a ring of ice
   (You found it on level 4 of the Dungeon)
 I - a +4 ring of protection (right hand)
   (You bought it in a shop on level 6 of the Dungeon)
Wands
 x - a wand of mindburst (15)
   (You found it on level 7 of the Dungeon)
 K - a wand of paralysis (3)
   (You found it on level 7 of the Dungeon)
 M - a wand of flame (9)
   (You found it on level 9 of the Dungeon)
Scrolls
 j - a scroll of holy word
 l - 4 scrolls of immolation {!r!r}
 n - 3 scrolls of amnesia
 q - 6 scrolls of enchant weapon
 r - 2 scrolls of identify {@r1}
 u - 2 scrolls of enchant armour
 v - 11 scrolls of teleportation {@r4}
 A - a scroll of magic mapping {!r}
 D - a scroll of noise {!r}
 J - a scroll of silence {!r}
Potions
 m - a potion of flight
 t - a potion of invisibility
 B - 2 potions of brilliance
 C - 2 potions of might
 H - a potion of haste {@q3}

Dungeon Overview and Level Annotations

Branches:
Dungeon (10/15)            Temple (0/1) D:6            Lair (0/6) D:9
    Orc (1/2) D:9          Bailey (visited)

Altars:
Okawaru
Xom

Shops:
D:1 (   D:5 *   D:6 =   D:7 *

Annotations:
D:4 3 exclusions
D:5 2 transporters, Zeldest's ghost, amateur DsMo
D:7 exclusions: centaur and ogre

, , ,≈ , , , * , , , *
,, , * ,** , , * * * ###
** * ** , * ... ,
,♣♣♣♣.♣♣♣♣, *♣♣.,, , ,,
♣..)≈...♣ ♣D.. , ,* , *
..♣♣♣♣)♣♣♣♣o{♣ * ,, ,,*
♣.....Ky@D♣ * ,,
############._B########
* ,
............_..○.......,
, ########.######..#####
....................# *,
###################.# #
* * * *


You could see a boulder beetle (rolling), an eight-headed hydra (paralysed), a
steam dragon, an orc warrior, a kobold brigand and a meliai.


Message History

Aiming: Pain (safe; 0% risk of failure)
Press: ? - help, Shift-Dir - straight line, f/p - eight-headed hydra
Aim: an eight-headed hydra (lightly wounded, paralysed, chance to affect: 52%)
Okay, then.
You feel much better. The meliai closely misses you.
The meliai stings you but does no damage. 😨 HP[+21]
You regained 21 hp, and now have 43/99 hp.
You feel much better.
The meliai mumbles some strange prayers to its god against you.
Something smites you! The meliai hits you with a +0 hand axe.
The meliai stings you.
You are poisoned.
The meliai poisons you! 😮 HP[+15] MP[+1]
You regained 15 hp, and now have 58/99 hp.
Unknown command.
Unknown command.
You barely miss the meliai. You claw the meliai, but do no damage.
The meliai barely misses you. The meliai completely misses you.
The meliai closely misses you. x2; The meliai hits you but does no damage.
The meliai stings you but does no damage.
You closely miss the meliai. The meliai closely misses you.
The meliai stings you but does no damage.
The meliai calls down the wrath of its god upon you.
Something smites you! 😮 HP[-8]
You take 8 damage, and now have 50/99 hp.
Unknown command.
Casting: Pain (safe; 0% risk of failure)
Confirm with . or Enter, or press ? or * to list all spells.
Aiming: Vampiric Draining (safe; 0% risk of failure)
Press: ? - help, Shift-Dir - straight line, f/p - eight-headed hydra
Aim: an eight-headed hydra (paralysed)
You draw life force from the eight-headed hydra!
You feel life coursing into your body.
The meliai mumbles some strange prayers to its god against you.
Something smites you!
* * * LOW HITPOINT WARNING * * *
The boulder beetle leaps!
The meliai hits you with a +0 hand axe. The meliai stings you.
* * * LOW HITPOINT WARNING * * *
You are more poisoned.
The meliai poisons you! 😨 HP[-8] MP[-3]
You take 8 damage, and now have 42/99 hp.
You lost 3 mp, and now have 2/14 mp.
Unknown command.
Unknown command.
You hit the meliai. Your kick misses the meliai.
You feel extremely sick. The meliai hits you with a +0 hand axe.
* * * LOW HITPOINT WARNING * * *
The meliai stings you.
* * * LOW HITPOINT WARNING * * *
The meliai hits you with a +0 hand axe!
* * * LOW HITPOINT WARNING * * *
The meliai stings you but does no damage. 😱 HP[-18]
You take 18 damage, and now have 24/99 hp.
Unknown command.
Unknown command.
Your magical essence is drained by the effort!
You feel much better.
You feel a little less mighty now.
You feel sick. The meliai hits you with a +0 hand axe.
* * * LOW HITPOINT WARNING * * *
The meliai barely misses you.
The boulder beetle curls into a ball and begins rolling!
The meliai mumbles some strange prayers to its god against you.
Something smites you!
* * * LOW HITPOINT WARNING * * *
😨 HP[+15]
You regained 15 hp, and now have 39/99 hp.
Unknown command.
Unknown command.
Your magical essence is drained by the effort!
You feel much better.
The meliai calls down the wrath of its god upon you.
Something smites you!
* * * LOW HITPOINT WARNING * * *
The meliai barely misses you. The meliai stings you.
* * * LOW HITPOINT WARNING * * *
You are more poisoned.
The meliai poisons you! 😨 HP[+7]
You regained 7 hp, and now have 46/99 hp.
Unknown command.
You miss the meliai.
You feel extremely sick. The meliai hits you with a +0 hand axe.
* * * LOW HITPOINT WARNING * * *
The meliai stings you but does no damage.
The meliai closely misses you. x2 😨 HP[-10] MP[+1]
You take 10 damage, and now have 36/99 hp.
Unknown command.
Unknown command.
Okay, then.
Are you sure you want to abandon this character and quit the game? (Confirm with "yes".)

Skill      XL: |  1  2  3  4  5  6  7  8  9 10 11 |
---------------+----------------------------------+-----
Necromancy     | 5 7 8 9 11 13 18 | 18.3
Spellcasting   | 2 5 |  5.4
Armour         | 2 5 |  5.1
Fighting       | 2 4 |  4.2
Dodging        | 3 5 |  5.7
Evocations     | 2 5 |  5.8
Stealth        | |  2.4

Action                   |  1- 3 |  4- 6 |  7- 9 | 10-12 || total
-------------------------+-------+-------+-------+-------++-------
Melee: Unarmed           |     1 |       |       |       ||     1
       Dagger            |    42 |    33 |    52 |   143 ||   270
       Short sword       |     2 |       |       |       ||     2
       Punch             |     1 |       |     5 |     6 ||    12
       Kick              |       |    15 |    48 |    91 ||   154
       Whip              |       |       |   126 |   104 ||   230
Throw: Stone             |       |       |     3 |    11 ||    14
       Dart              |       |       |     3 |     2 ||     5
 Cast: Pain              |    46 |    22 |    22 |    16 ||   106
       Vampiric Draining |       |    15 |    52 |   101 ||   168
 Abil: Heal Wounds       |       |       |     8 |    22 ||    30
Evoke: Wand              |       |       |     6 |    12 ||    18
  Use: Potion            |     4 |     6 |    16 |    10 ||    36
       Scroll            |       |     7 |     2 |    10 ||    19
 Stab: Invisible         |     2 |       |     3 |       ||     5
       Sleeping          |       |     1 |       |     1 ||     2
       Distracted        |       |       |       |     2 ||     2
       Paralysed         |       |       |       |    11 ||    11
Armor: Robe              |    12 |     4 |    35 |       ||    51
       Steam dragon scal |       |       |    25 |    88 ||   113
       Skin              |       |       |    14 |   107 ||   121
Dodge: Dodged            |    43 |    23 |   170 |   259 ||   495

Levels and vault maps discovered:
D:1:      heliophobic_arrival_battle_scene, layout_loops_ring, serial_shops,
          nicolae_shop_hallway_stairs, minmay_cut_off
D:2:      layout_basic, basic_altar, minmay_pentomino_x4
D:3:      layout_loops_cross, dreamdust_ecumenical_altar_drowned_temple,
          uniq_grinder
D:4:      layout_rooms, serial_aquarium, aquarium_bridge_long_joined
          [aquarium_subvault_bridge, aquarium_subvault_window,
          aquarium_subvault_window, aquarium_subvault_wall,
          aquarium_subvault_window, aquarium_subvault_bridge],
          aquarium_window_1, aquarium_window_corridor_1, aquarium_window_1,
          aquarium_window_1, aquarium_view_2c, aquarium_view_2f, uniq_edmund
D:5:      layout_loops_cross, gammafunk_ghost_stat_death, serial_shops,
          nicolae_shop_behind_doors
D:6:      layout_loops_ring, temple_doors_ab, serial_shops, shop
D:7:      minmay_spotlight, layout_loops_cross, enter_bailey_3,
          minmay_misc_feat_room, minmay_shop_mayhem, hangedman_misty_isle
D:8:      layout_loops_cross, uniq_gastronok
D:9:      nzn_winding_woodlands_medium [nzn_winding_woodlands_5x5_cross,
          nzn_winding_woodlands_5x15_crooked, nzn_winding_woodlands_5x5_default,
          nzn_winding_woodlands_5x5_open_star,
          nzn_winding_woodlands_center_garden,
          nzn_winding_woodlands_5x5_default, nzn_winding_woodlands_hourglass,
          nzn_winding_woodlands_5x15_eye, nzn_winding_woodlands_5x5_perimeter],
          layout_basic, david_lair_generic, orc_0_dummy, uniq_maggie
D:10:     layout_loops_ring, general_overflow_altar, minivault_14, minivault_16,
          hangedman_fish_farm, uniq_sonja
Orc:1:    layout_diamond_mine, mines4_lemuel

Notes
Turn   | Place    | Note
-------+----------+-------------------------------------------
     0 | D:1      | spaghetti the Deep Dwarf Necromancer began the quest for
                  | the Orb.
     0 | D:1      | Reached XP level 1. HP: 15/15 MP: 3/3
     0 | D:1      | magus.rc [v1.9.6]
   148 | D:1      | Reached XP level 2. HP: 22/22 MP: 0/4
   304 | D:1      | Found Zeot's Weapon Shop.
   315 | D:1      | Reached skill level 5 in Necromancy
  1040 | D:2      | Reached XP level 3. HP: 22/28 MP: 0/5
  1044 | D:2      | Learned a level 3 spell: Vampiric Draining
  1558 | D:2      | Found an iron altar of Okawaru.
  1882 | D:3      | Reached skill level 6 in Necromancy
  1969 | D:3      | Noticed Grinder
  1994 | D:3      | Paralysed by Grinder for 4 turns
  2005 | D:3      | Killed Grinder
  2006 | D:3      | Reached skill level 7 in Necromancy
  2006 | D:3      | Reached XP level 4. HP: 21/36 MP: 6/6
  2006 | D:3      | Reached XP level 5. HP: 25/42 MP: 7/7
  2008 | D:3      | Gained mutation: You expend magic power (3 MP) to
                  | strengthen your wands. [potion of mutation]
  2008 | D:3      | Gained mutation: Your body sometimes deteriorates upon
                  | taking damage. [potion of mutation]
  2008 | D:3      | Gained mutation: You have sharp toenails. [potion of
                  | mutation]
  2181 | D:3      | Reached skill level 8 in Necromancy
  2185 | D:3      | Reached XP level 6. HP: 31/49 MP: 1/8
  2424 | D:3      | Found a faded altar of an unknown god.
  2435 | D:3      | Prayed at the altar of an unknown god.
  2435 | D:3      | Became a worshipper of Xom of Chaos
  2510 | D:3      | XOM: silly message
  2617 | D:3      | XOM: silly message
  2962 | D:4      | Noticed Edmund
  2975 | D:4      | Killed Edmund
  3079 | D:4      | XOM: silly message
  3132 | D:4      | Reached skill level 9 in Necromancy
  3340 | D:4      | HP: 17/73 [gnoll/+0 club (3)]
  3345 | D:4      | Reached XP level 7. HP: 16/55 MP: 1/9
  3546 | D:4      | XOM: 3-stop teleportation journey
  3710 | D:5      | Entered Level 5 of the Dungeon
  3853 | D:5      | Found a transporter.
  3865 | D:5      | Noticed Zeldest's ghost (amateur DsMo)
  4076 | D:5      | XOM: scenery: create altars
  4181 | D:5      | Reached skill level 10 in Necromancy
  4322 | D:5      | XOM: cast spell 'Necromutation'
  4345 | D:5      | XOM: 6-stop teleportation journey
  4357 | D:5      | XOM: cleaving
  4359 | D:5      | XOM: silly message
  4359 | D:5      | HP: 6/55 [ogre/+0 giant spiked club (19)]
  4372 | D:5      | HP: 13/55 [adder (1)]
  4549 | D:5      | Found Qaysh's General Store.
  4571 | D:5      | Found a transporter.
  4695 | D:6      | Noticed a steam dragon
  4701 | D:6      | HP: 10/55 [steam dragon (9)]
  4704 | D:6      | HP: 3/55 [steam dragon] (2)]
  4705 | D:6      | Killed a steam dragon
  4706 | D:6      | Reached skill level 11 in Necromancy
  4706 | D:6      | Reached XP level 8. HP: 3/62 MP: 0/10
  4735 | D:6      | XOM: divination: magic mapping
  4793 | D:6      | Found Piym's Jewellery Shop.
  4800 | D:6      | HP: 2/62 [steam dragon (3)]
  4806 | D:6      | XOM: polymorph steam dragon -> boggart
  4886 | D:6      | magus.rc [v1.9.6]
  5171 | D:6      | XOM: summons friendly shadow imp
  5244 | D:6      | XOM: 3-stop teleportation journey
  5408 | D:6      | XOM: 2-stop teleportation journey
  5419 | D:6      | HP: 9/62 [ice beast (10)]
  5421 | D:6      | Reached skill level 12 in Necromancy
  5525 | D:6      | You pick up a book of Vapours and begin reading...
  5525 | D:6      | You add the spells Poisonous Vapours and Corpse Rot to your
                  | library.
  5532 | D:6      | Learned a level 4 spell: Animate Dead
  5851 | D:6      | Found a staircase to the Ecumenical Temple.
  5969 | D:6      | XOM: 9-stop teleportation journey
  6299 | D:7      | XOM: noise
  6354 | D:7      | Reached skill level 13 in Necromancy
  6377 | D:7      | XOM: cast spell 'Olgreb's Toxic Radiance'
  6379 | D:7      | Gained mutation: You passively map the area around you.
                  | [Deep Dwarf growth]
  6379 | D:7      | Reached XP level 9. HP: 36/68 MP: 4/10
  6390 | D:7      | XOM: potion effect (invisibility)
  6408 | D:7      | XOM: potion effect (heal wounds)
  6426 | D:7      | Reached skill level 14 in Necromancy
  6439 | D:7      | XOM: noise
  6462 | D:7      | XOM: silly message
  6585 | D:7      | Found a flagged portal.
  6591 | Bailey   | Entered a bailey
  6748 | Bailey   | XOM: blink monster(s)
  6756 | Bailey   | XOM: silly message
  6759 | Bailey   | XOM: stat loss: -1 Int (19/21)
  6763 | Bailey   | XOM: scenery: 1 doors close
  6767 | Bailey   | HP: 21/102 [orc warrior/+0 trident (7)]
  6884 | Bailey   | Reached skill level 18 in Necromancy
  6884 | Bailey   | Reached XP level 10. HP: 28/75 MP: 10/10
  6892 | Bailey   | XOM: 1-stop teleportation journey
  6907 | Bailey   | Reached skill level 2 in Spellcasting
  7051 | D:7      | XOM: stat loss: -1 Int (19/21)
  7103 | D:7      | Reached skill level 1 in Armour
  7139 | D:7      | Found Woragoh's Mayhem Merchandise.
  7308 | D:7      | Reached skill level 1 in Fighting
  7983 | D:8      | XOM: give mutations
  7983 | D:8      | Lost mutation: Your body sometimes deteriorates upon taking
                  | damage. [Xom's mischief]
  7983 | D:8      | Gained mutation: You are clumsy. (Dex -2) [Xom's mischief]
  8151 | D:8      | XOM: swap monsters
  8163 | D:8      | Noticed a two-headed ogre
  8163 | D:8      | XOM: 1-stop teleportation journey
  8166 | D:8      | Noticed Gastronok
  8175 | D:8      | Killed Gastronok
  8176 | D:8      | Reached skill level 2 in Armour
  8176 | D:8      | Reached skill level 3 in Dodging
  8176 | D:8      | Reached skill level 2 in Evocations
  8185 | D:8      | Reached skill level 2 in Fighting
  8186 | D:8      | Reached XP level 11. HP: 36/86 MP: 0/13
  8188 | D:8      | XOM: stat loss: -1 Str (10/11)
  8191 | D:8      | Noticed a brown ugly thing
  8194 | D:8      | Killed a two-headed ogre
  8496 | D:8      | Killed a brown ugly thing
  8497 | D:8      | Reached skill level 3 in Armour
  8497 | D:8      | Reached skill level 4 in Dodging
  8497 | D:8      | Reached skill level 3 in Spellcasting
  8497 | D:8      | Reached skill level 3 in Evocations
  8539 | D:8      | XOM: 2-stop teleportation journey
  8636 | D:8      | XOM: noise
  8649 | D:8      | You add the spells Alistair's Intoxication, Borgnjor's Vile
                  | Clutch and Eringya's Noxious Bog to your library.
  8744 | D:8      | Learned a level 5 spell: Agony
  8948 | D:8      | XOM: give mutations
  8948 | D:8      | Gained mutation: You are weak. (Str -2) [Xom's mischief]
  8948 | D:8      | Gained mutation: You are very clumsy. (Dex -4) [Xom's
                  | mischief]
  8948 | D:8      | Lost mutation: You are weak. (Str -2) [Xom's mischief]
  8966 | D:8      | XOM: enchant monster (bad)
  8967 | D:8      | XOM: potion effect (magic)
  8978 | D:8      | HP: 18/88 [yak (13)]
  8989 | D:8      | XOM: polymorph yak -> shapeshifter
  9002 | D:8      | HP: 15/88 [yak (11)]
  9004 | D:8      | HP: 5/88 [yak (10)]
  9010 | D:8      | Reached skill level 3 in Fighting
  9138 | D:8      | XOM: silly message
  9433 | D:9      | Reached skill level 4 in Evocations
  9459 | D:10     | Entered Level 10 of the Dungeon
  9461 | D:10     | XOM: potion effect (berserk rage)
  9469 | D:10     | Noticed a two-headed ogre
  9472 | D:10     | Reached skill level 4 in Spellcasting
  9481 | D:10     | Killed a two-headed ogre
  9482 | D:10     | Reached skill level 4 in Armour
  9491 | D:10     | XOM: potion effect (heal wounds)
  9497 | D:9      | Reached skill level 5 in Dodging
  9673 | D:9      | XOM: divination: detect items
  9676 | D:9      | Noticed a sun demon
  9680 | D:9      | XOM: potion effect (might)
  9683 | D:9      | XOM: silly message
  9700 | D:9      | XOM: smoke on damage
  9703 | D:9      | XOM: divination: magic mapping
  9827 | D:9      | XOM: god gift: 15 stones
  9877 | D:9      | XOM: god gift: scroll of holy word
  9946 | D:9      | Found a staircase to the Orcish Mines.
  9976 | D:9      | Found a staircase to the Lair.
  9976 | D:9      | Noticed a cyan ugly thing
  9982 | D:9      | HP: 22/91 [wyvern (13)]
  9984 | D:9      | Reached skill level 5 in Evocations
  9999 | D:9      | XOM: silly message
 10048 | D:9      | Noticed a two-headed ogre
 10059 | Orc:1    | XOM: noise
 10059 | Orc:1    | Entered Level 1 of the Orcish Mines
 10095 | D:9      | Killed a cyan ugly thing
 10325 | D:9      | HP: 6/91 [two-headed ogre/+0 giant club (18)]
 10328 | D:9      | Killed a two-headed ogre
 10329 | D:9      | Reached skill level 5 in Spellcasting
 10479 | D:9      | Noticed Maggie
 10482 | D:9      | Killed Maggie
 10483 | D:9      | Reached skill level 4 in Fighting
 10766 | D:6      | Bought a +4 ring of protection for 504 gold pieces
 10824 | D:8      | Learned a level 5 spell: Borgnjor's Vile Clutch
 10991 | D:9      | You pick up a book of the Senses and begin reading...
 10991 | D:9      | You add the spells Dazzling Flash and Silence to your
                  | library.
 11042 | D:9      | Reached skill level 5 in Armour
 11073 | D:9      | Reached XP level 12. HP: 89/99 MP: 9/16
 11074 | D:9      | XOM: cast spell 'Summon Ice Beast'
 11085 | D:9      | XOM: summons 3 friendly demons
 11088 | D:9      | Noticed a boulder beetle
 11090 | D:9      | XOM: enchant monster (good)
 11099 | D:9      | Noticed an eight-headed hydra
 11110 | D:9      | XOM: scenery: create altars
 11111 | D:9      | HP: 31/148 [eight-headed hydra (9)]
 11113 | D:9      | XOM: destruction
 11114 | D:9      | HP: 15/148 [eight-headed hydra (2)]
 11119 | D:9      | HP: 22/99 [meliai/divine providence (9)]
 11125 | D:9      | HP: 24/99 [meliai/+0 hand axe (4)]
 11129 | D:9      | Quit the game

Vanquished Creatures
  2 two-headed ogres
  An ugly thing (D:9)
  Maggie (D:9)
  A kobold demonologist (D:9)
  A rime drake (shapeshifter) (D:8)
  Grinder (D:3)
  2 wyverns (D:9)
  A wraith (D:9)
  16 yaks
  5 steam dragons
  Edmund (D:4)
  A water moccasin (D:7)
  6 sky beasts
  An ice beast (D:6)
  2 black bears
  9 orc warriors
  A boggart (D:6)
  3 centaurs
  2 ogres (D:5)
  A bullfrog (D:7)
  4 kobold brigands
  A scorpion (D:5)
  A gnoll sergeant (D:7)
  3 killer bees (D:8)
  7 howler monkeys
  6 orc priests
  A hound (D:4)
  A gnoll shaman (D:8)
  3 iguanas (D:7)
  10 orc wizards
  11 gnolls
  8 adders
  A shadow imp (D:7)
  A white imp (D:5)
  A worm (D:3)
  2 dart slugs
  43 orcs
  6 bats
  3 endoplasms
  3 giant cockroaches
  6 hobgoblins
  5 jackals
  11 kobolds
  A quokka (D:2)
  3 ball pythons
  4 frilled lizards
  17 goblins
  A rat (D:1)
  A spectral goblin (D:3)
223 creatures vanquished.

Vanquished Creatures (collateral kills)
  Gastronok (D:8)
  A two-headed ogre (D:8)
  An ugly thing (D:8)
  A tengu conjurer (D:9)
  2 yaks (D:9)
  2 orc warriors (Bailey)
  A bullfrog (D:8)
  A necrophage (D:8)
  5 wights (D:9)
  A gnoll shaman (D:6)
  An orc wizard (D:8)
  3 gnolls (D:8)
  2 orcs (D:8)
22 creatures vanquished.

Vanquished Creatures (others)
  A dancing weapon (D:9)
  A wraith (D:9)
  A centaur (D:9)
  12 fungi
  9 plants (D:9)
24 creatures vanquished.

Grand Total: 269 creatures vanquished

Table legend:
 A = Non-vault XP
 B = Vault XP
 C = Vault XP percentage of total XP
 D = Non-vault monster count
 E = Vault monster count
 F = Vault count percentage of total count
                 A         B        C        D         E       F
            +---------+---------+-------+---------+---------+-------
      Total |   11848 |    7024 |  37.2 |     195 |      51 |  20.7
            +---------+---------+-------+---------+---------+-------
        D:1 |      24 |       2 |   7.7 |      15 |       2 |  11.8
        D:2 |      20 |      17 |  45.9 |       9 |       3 |  25.0
        D:3 |      55 |     278 |  83.5 |      15 |       2 |  11.8
        D:4 |     178 |     162 |  47.6 |      17 |       1 |   5.6
        D:5 |     585 |       0 |   0.0 |      16 |       0 |   0.0
        D:6 |     985 |       0 |   0.0 |      24 |       0 |   0.0
        D:7 |    1312 |     768 |  36.9 |      34 |      10 |  22.7
        D:8 |    4184 |    1341 |  24.3 |      32 |       1 |   3.0
        D:9 |    2879 |    3619 |  55.7 |      28 |      13 |  31.7
       D:10 |    1626 |       0 |   0.0 |       5 |       0 |   0.0
     Bailey |       0 |     837 | 100.0 |       0 |      19 | 100.0
            +---------+---------+-------+---------+---------+-------

Illustrated notes

Table legend:
 A = Kills in this place as a percentage of kills in entire the game.
 B = Kills by you in this place as a percentage of kills by you in the entire game.
 C = Kills by friends in this place as a percentage of kills by friends in the entire game.
 D = Other kills in this place as a percentage of other kills in the entire game.
 E = Experience gained in this place as a percentage of experience gained in the entire game.
 F = Experience gained in this place divided by the number of levels of this place that you have seen.
                   A       B       C       D       E      F
               +-------+-------+-------+-------+-------+----------------------
         Total | 100.0 | 100.0 | 100.0 | 100.0 | 100.0 | 1572.7
       Dungeon |  92.3 |  92.4 |  90.9 | 100.0 |  95.6 | 1803.5
        Bailey |   7.7 |   7.6 |   9.1 |   0.0 |   4.4 | 837.0
               +-------+-------+-------+-------+-------+----------------------

Table legend: (Time is in decaauts)
 A = Elapsed time spent in this place.
 B = Non-inter-level travel time spent in this place.
 C = Inter-level travel time spent in this place.
 D = Time resting spent in this place.
 E = Time spent auto-exploring this place.
 F = Levels seen in this place.
 G = Mean time per level.
                   A        B        C        D        E       F      G
               +--------+--------+--------+--------+--------+-----+--------+
         Total |  11218 |  10770 |    448 |    741 |   8014 |  12 |  934.8 |
       Dungeon |  10867 |  10419 |    448 |    631 |   7924 |  10 | 1086.7 |
  Orcish Mines |      2 |      2 |      0 |      0 |      0 |   1 |    2.0 |
        Bailey |    348 |    348 |      0 |    110 |     90 |   1 |  348.0 |
               +--------+--------+--------+--------+--------+-----+--------+

Top non-repeatable levels by time:
     D:7: 1785 daAuts
     D:9: 1617 daAuts
     D:6: 1444 daAuts
     D:8: 1277 daAuts
     D:2: 1047 daAuts
     D:5: 983 daAuts
     D:4: 978 daAuts
     D:3: 901 daAuts
     D:1: 802 daAuts
  Bailey: 348 daAuts
    D:10: 30 daAuts
   Orc:1: 2 daAuts
